 Dungeon Crawl Stone Soup version 0.18.1-47-g9310371 (webtiles) character file.

1532 Gargoyl the Covered (level 8, -4/64 HPs)
             Began as a Demonspawn Abyssal Knight on June 14, 2016.
             Was a Priest of Lugonu.
             Slain by an orc warrior
             ... wielding a +0 dire flail
              (10 damage)
             ... on level 5 of the Dungeon.
             The game lasted 00:12:03 (5706 turns).

Gargoyl the Covered (Demonspawn Abyssal Knight)     Turns: 5706, Time: 00:12:04

Health: -4/64      AC: 20    Str: 15    XL:     8   Next: 55%
Magic:  6/10       EV:  5    Int: 13    God:    Lugonu [***...]
Gold:   263        SH:  4    Dex: 13    Spells: 0 memorised, 7 levels left

rFire  . . .     SeeInvis .     a - +2 hand axe
rCold  . . .     Gourm    .     l - +2 plate armour
rNeg   . . .     Faith    .     t - +0 buckler
rPois  .         Spirit   .     (helmet restricted)
rElec  .         Dismiss  .     (no cloak)
rCorr  .         Reflect  .     q - +0 pair of gloves
SustAt .         Harm     .     v - +0 pair of boots
MR     .....                    A - amulet of rage
Stlth  ..........               u - +3 ring of protection
                                D - +4 ring of slaying

@: slowed, very slow, not resistant to hostile enchantments, extremely
unstealthy
A: horns 1, nightstalker 2, rot immunity
a: Depart the Abyss, Bend Space, Banish, Renounce Religion, Evoke Berserk Rage


You were on level 5 of the Dungeon.
You worshipped Lugonu.
Lugonu was most pleased with you.
You were hungry.

You visited 1 branch of the dungeon, and saw 6 of its levels.
You visited the Abyss 1 time.

You collected 263 gold pieces.

Inventory:

Hand Weapons
 a - a +2 hand axe (weapon)
 n - a +1 spear of pain
Missiles
 d - 10 tomahawks (quivered)
Armour
 l - a +2 plate armour (worn)
 q - a +0 pair of gloves (worn)
 t - a +0 buckler (worn)
 v - a +0 pair of boots (worn)
Jewellery
 m - an uncursed ring of protection from cold
 u - a +3 ring of protection (right hand)
 A - an amulet of rage (around neck)
 D - a +4 ring of slaying (left hand)
Wands
 e - a wand of acid (9/15)
Scrolls
 f - 4 scrolls of enchant weapon
 h - 4 scrolls of remove curse
 k - a scroll of noise {unknown}
 w - 2 scrolls of random uselessness {unknown}
 y - a scroll of teleportation {unknown}
 C - a scroll of immolation {unknown}
 E - 2 scrolls of identify
 G - a scroll of fog {unknown}
Potions
 o - a potion of might
 s - a potion of agility {unknown}
 x - a potion of cure mutation {unknown}
 z - a potion of ambrosia {unknown}
 B - 2 potions of brilliance {unknown}
 F - a potion of berserk rage {unknown}
Comestibles
 c - 3 bread rations
 g - 5 beef jerkies
 i - a meat ration
 j - a chunk of flesh
 p - 2 slices of pizza
 r - 12 fruits


   Skills:
 + Level 5.7 Fighting
 + Level 4.7 Axes
 * Level 6.8 Armour
 + Level 1.6 Dodging
 + Level 1.0 Stealth
 + Level 2.2 Shields
 + Level 3.2 Invocations


You had 7 spell levels left.
You didn't know any spells.

Dungeon Overview and Level Annotations

Branches:
Dungeon (6/15)             Temple (0/1) D:4

Altars:
Fedhas


Innate Abilities, Weirdness & Mutations

You have a pair of small horns on your head.
You are significantly more attuned to the shadows.
You are immune to rotting.


Message History

Aim: an orc warrior, wielding a dire flail and wearing a plate armour (heavily wounded, chance to defeat MR: 81%)
You fail to use your ability.
The orc warrior barely misses you.
Press: ? - help, Shift-Dir - straight line, f/p - orc warrior
Aim: an orc warrior, wielding a dire flail and wearing a plate armour (heavily wounded, chance to defeat MR: 81%)
You fail to use your ability.
The orc warrior hits you but does no damage.
Press: ? - help, Shift-Dir - straight line, f/p - orc warrior
Aim: an orc warrior, wielding a dire flail and wearing a plate armour (heavily wounded, chance to defeat MR: 81%)
The orc warrior barely resists.
You are feeling hungry.
The orc warrior hits you but does no damage.
You block the orc warrior's attack.
Press: ? - help, Shift-Dir - straight line, f/p - orc warrior
Aim: an orc warrior, wielding a dire flail and wearing a plate armour (heavily wounded, chance to defeat MR: 81%)
You fail to use your ability.
The orc warrior completely misses you.
Press: ? - help, Shift-Dir - straight line, f/p - orc warrior
Aim: an orc warrior, wielding a dire flail and wearing a plate armour (heavily wounded, chance to defeat MR: 81%)
You fail to use your ability.
The orc warrior hits you with a dire flail!
You die...

######.## #.#
#.#############
#.............#
##################.#
........# #.# ........#
#.# ........##########.#
.............[..@o.#####
........#######.#..#...#
.....#### #.#..#.#.#
####.# #.#..#.#.# #.#
#.#..#.#.# #.#
#.#..#.#.# #.#
#.#..#.#.# ####(#######
#.#..#.#.# ...........#
#.#..#.#.#


You could see an orc warrior.

Vanquished Creatures
  The ghost of imphell the Chopper, a novice HOFi (D:4)
  Prince Ribbit (D:5)
  A phantom (D:3)
  An ogre (D:4)
  3 howler monkeys
  A centaur zombie (D:5)
  2 hounds
  3 orc priests
  A gnoll shaman (D:5)
  4 orc wizards
  3 iguanas (D:4)
  2 worker ants (D:4)
  8 gnolls (D:5)
  8 adders
  An ooze (D:5)
  An adder zombie (D:5)
  An adder skeleton (D:4)
  A worm (D:3)
  3 dart slugs
  2 giant geckos
  17 orcs
  3 bats
  3 giant cockroaches
  9 goblins
  10 hobgoblins
  8 jackals
  5 quokkas
  A giant gecko skeleton (D:4)
  3 giant newts (D:1)
  6 kobolds
  14 rats
127 creatures vanquished.

Notes
Turn   | Place    | Note
--------------------------------------------------------------
     0 | Abyss:1  | Gargoyl the Demonspawn Abyssal Knight began the quest for the Orb.
     0 | Abyss:1  | Reached XP level 1. HP: 18/18 MP: 2/2
    93 | Abyss:2  | Noticed a smoke demon
    93 | D:1      | Escaped the Abyss
   181 | D:1      | Reached * piety under Lugonu
   183 | D:1      | Reached skill level 2 in Armour
   187 | D:1      | Gained mutation: You have a pair of small horns on your head. [demonic ancestry]
   187 | D:1      | Reached XP level 2. HP: 16/24 MP: 3/3
   787 | D:1      | Gained mutation: You are slightly more attuned to the shadows. [demonic ancestry]
   787 | D:1      | Reached XP level 3. HP: 25/29 MP: 5/5
   791 | D:1      | Reached skill level 1 in Dodging
  1435 | D:2      | Reached ** piety under Lugonu
  1669 | D:2      | Found a blossoming altar of Fedhas.
  1680 | D:2      | Reached XP level 4. HP: 29/37 MP: 6/6
  1914 | D:2      | Found a faded altar to an unknown god.
  3098 | D:3      | Reached skill level 3 in Armour
  3098 | D:3      | Gained mutation: You are immune to rotting. [demonic ancestry]
  3098 | D:3      | Reached XP level 5. HP: 40/42 MP: 7/7
  3207 | D:4      | Noticed a phantom
  3235 | D:4      | Noticed imphell's ghost (novice HOFi)
  3271 | D:3      | Killed a phantom
  3271 | D:3      | Gained mutation: You are significantly more attuned to the shadows. [demonic ancestry]
  3271 | D:3      | Reached XP level 6. HP: 42/49 MP: 8/8
  3342 | D:4      | HP: 2/49 [imphell's ghost (12)]
  3347 | D:4      | Killed imphell's ghost
  3347 | D:4      | Reached skill level 5 in Armour
  3347 | D:4      | Reached skill level 1 in Shields
  3347 | D:4      | Reached XP level 7. HP: 3/55 MP: 9/9
  3841 | D:4      | Found a staircase to the Ecumenical Temple.
  4089 | D:4      | Reached skill level 5 in Fighting
  4089 | D:4      | Reached skill level 1 in Stealth
  4301 | D:4      | Reached *** piety under Lugonu
  4505 | D:5      | Entered Level 5 of the Dungeon
  4586 | D:5      | Got a brightly glowing scale mail
  4587 | D:5      | Identified the +3 scale mail of the Hidden Vale {rC+ MP+9} (You found it on level 5 of the Dungeon)
  4716 | D:5      | Reached skill level 6 in Armour
  4736 | D:5      | Reached XP level 8. HP: 62/62 MP: 10/10
  4774 | D:5      | Noticed Prince Ribbit
  4793 | D:5      | Killed Prince Ribbit
  5706 | D:5      | Slain by an orc warrior

Skill      XL: |  1  2  3  4  5  6  7  8 |
---------------+-------------------------+-----
Armour         | 2 3 5 6 |  6.8
Axes           | 2 3 4 |  4.7
Invocations    | 3 |  3.2
Dodging        | 1 |  1.6
Fighting       | 4 5 |  5.7
Shields        | 1 2 |  2.2
Stealth        | 1 |  1.0

Action                   |  1- 3 |  4- 6 |  7- 9 || total
-------------------------+-------+-------+-------++-------
Melee: Hand axe          |   121 |   149 |   240 ||   510
       Headbutt          |    15 |    25 |    46 ||    86
Invok: Depart the Abyss  |     1 |       |       ||     1
       Banish            |       |       |     1 ||     1
  Use: Scroll            |     4 |       |     5 ||     9
       Potion            |       |     4 |     2 ||     6
 Stab: Sleeping          |     1 |       |       ||     1
  Eat: Chunk             |     3 |     5 |     8 ||    16
Armor: Leather armour    |    21 |       |       ||    21
       Plate armour      |    37 |   136 |   209 ||   382
Dodge: Dodged            |    52 |    22 |    63 ||   137
Block: Buckler           |       |    13 |    51 ||    64
